 Dungeon Crawl Stone Soup version 0.31-a0-977-gc230f8ef24 (webtiles) character file.

Game seed: 13721382915659100453

5744 Gladio the Slicer (level 10, -8/55 HPs)
             Began as a Vine Stalker Gladiator on Oct 29, 2023.
             Was a Believer of Uskayaw.
             Mangled by a cyan ugly thing (16 damage)
             ... on level 10 of the Dungeon.
             The game lasted 00:12:34 (6487 turns).

Gladio the Slicer (Vine Stalker Gladiator)          Turns: 6487, Time: 00:12:34

Health: -8/55      AC: 15    Str: 16    XL:     10   Next: 77%
Magic:  0/14       EV: 16    Int:  8    God:    Uskayaw [**....]
Gold:   238        SH:  0    Dex: 21    Spells: 9/9 levels left

rFire   + + .        t - +8 whip of the Vestibule of Hell {holy, rF++}
rCold   . . .        (no shield)
rNeg    . . .        J - +3 leather armour
rPois   .            c - +0 helmet
rElec   .            (no cloak)
rCorr   .            n - +2 pair of gloves
SInv    .            u - +0 pair of boots
Will    +....        (no amulet)
Stlth   ++           R - +4 ring of slaying
HPRegen 1.09/turn    O - +4 ring of protection
MPRegen 0.14/turn

%: guardian spirit
@: no status effects
A: fangs 3, regeneration 1, magic shield, antimagic bite, no potion heal 2
a: Renounce Religion, Stomp, Line Pass


You were on level 10 of the Dungeon.
You worshipped Uskayaw.
Uskayaw was noncommittal.
You visited 2 branches of the dungeon, and saw 11 of its levels.
You also visited: Ossuary.

You collected 470 gold pieces.
You spent 232 gold pieces at shops.

Inventory:

Hand Weapons
 a - a +0 rapier
 t - the +8 whip of the Vestibule of Hell (weapon) {holy, rF++}
   (You found it on level 4 of the Dungeon)

   rF++:      It greatly protects you from fire.
Missiles
 d - 3 throwing nets
 e - a javelin
 l - 2 curare-tipped darts
Armour
 b - a +0 leather armour
 c - a +0 helmet (worn)
 h - a +0 ring mail
 n - a +2 pair of gloves (worn)
 u - a +0 pair of boots (worn)
 v - the +0 leather armour of Fortification {rF+ rCorr Int-2}
   (You bought it in a shop on level 4 of the Dungeon)

   Int-2:     It affects your intelligence (-2).
   rF+:       It protects you from fire.
   rCorr:     It protects you from acid and corrosion.
 J - a +3 leather armour (worn)
Jewellery
 m - a ring of flight
 K - a ring of willpower
 O - a +4 ring of protection (right hand)
 R - a +4 ring of slaying (left hand)
Wands
 o - a wand of digging (4)
 H - a wand of light (10) (quivered)
 L - a wand of charming (3)
Scrolls
 g - a scroll of fog
 r - 2 scrolls of amnesia
 y - a scroll of revelation {unknown}
 z - 2 scrolls of blinking
 C - 3 scrolls of silence
 F - 4 scrolls of enchant armour {unknown}
 G - a scroll of poison {unknown}
 I - a scroll of torment {unknown}
 M - a scroll of fear {unknown}
 N - 2 scrolls of teleportation
 P - a scroll of noise {unknown}
 Q - a scroll of enchant weapon {unknown}
Potions
 f - a potion of attraction {unknown}
 i - 2 potions of might
 j - a potion of resistance {unknown}
 k - a potion of ambrosia
 p - 2 potions of magic
 q - 2 potions of enlightenment
 s - 3 potions of heal wounds
 w - a potion of brilliance {unknown}
 x - 2 potions of mutation
 A - 4 potions of cancellation {unknown}
 B - a potion of haste
 D - a potion of curing
 E - 2 potions of invisibility
 S - a potion of lignification {unknown}
Miscellaneous
 T - a phial of floods


   Skills:
 + Level 7.0 Fighting
 * Level 10.1 Short Blades
 - Level 1.7 Throwing
 + Level 6.8 Dodging
 + Level 4.9 Invocations


You had 9 spell levels left.
You didn't know any spells.
Your spell library contained the following spells:

 Spells                   Type           Power      Damage    Failure   Level
 Magic Dart               Conj           0%         1d3       47%         1
 Necrotise                Necr           0%         1d4       47%         1
 Summon Small Mammal      Summ           0%         N/A       47%         1
 Call Imp                 Summ           0%         N/A       63%         2
 Lesser Beckoning         Tloc           0%         N/A       63%         2
 Scorch                   Fire           0%         2d5       63%         2
 Call Canine Familiar     Summ           0%         N/A       85%         3
 Gell's Gravitas          Tloc           0%         N/A       85%         3
 Ignite Poison            Fire/Tmut/Pois 0%         N/A       85%         3
 Mephitic Cloud           Conj/Pois/Air  0%         N/A       85%         3
 Summon Guardian Golem    Hex/Summ       0%         N/A       85%         3
 Teleport Other           Tloc           0%         N/A       85%         3
 Vampiric Draining        Necr           0%         2d6       85%         3
 Brom's Barrelling Bould  Conj/Erth      0%         2d3       99%         4
 Flame Wave               Conj/Fire      0%         2d4       99%         4
 Sticky Flame             Conj/Fire      0%         2d3       99%         4
 Agony                    Necr           0%         N/A       100%        5
 Fireball                 Conj/Fire      0%         3d3       100%        5
 Iskenderun's Battlesphe  Conj           0%         2d6       100%        5
 Conjure Ball Lightning   Conj/Air       0%         3x3d6     100%        6
 Summon Cactus Giant      Summ           0%         N/A       100%        6
 Orb of Destruction       Conj           0%         9d5       100%        7
 Ignition                 Fire           0%         3d3       100%        8


Dungeon Overview and Level Annotations

Branches:
Dungeon (10/15)            Temple (1/1) D:6            Lair (0/5) D:8
Ossuary (visited)
    Orc: D:9-12

Altars:
Ashenzari
Cheibriados
Dithmenos
Elyvilon
Gozag
Hepliaklqana
Kikubaaqudgha
Makhleb
Nemelex Xobeh
Okawaru
Ru
Sif Muna
Trog
Uskayaw
Vehumet
Wu Jian
Xom
Yredelemnul
Zin
The Shining One

Shops:
D:4 [   D:7 ?   D:9 *


Innate Abilities, Weirdness & Mutations

You have razor-sharp teeth.
Your natural rate of healing is unusually fast.
When hurt, damage is shared between your health and your magic reserves.
Your bite disrupts and absorbs the magic of your enemies.
Potions cannot restore your health.


Message History

You shout for attention!
The kobold brigand shouts!
You hear a shout! x2
The cyan ugly thing gurgles horribly!
A kobold comes into view.
It is wielding a +0 club and quivering poisoned darts.
Unknown command.
You whack the cyan ugly thing! You bite the cyan ugly thing.
You drain its power.
The cyan ugly thing is moderately wounded.
The cyan ugly thing stings you. The cyan ugly thing shocks you!
You barely miss the cyan ugly thing. You bite the cyan ugly thing!
You drain its power.
You feel invigorated.
The cyan ugly thing is moderately wounded.
The cyan ugly thing closely misses you.
You hit the cyan ugly thing.
The cyan ugly thing is moderately wounded.
The cyan ugly thing stings you but does no damage.
You can now pass through a line of other dancers.
You whack the cyan ugly thing! You bite the cyan ugly thing!
You drain its power.
You feel invigorated.
The cyan ugly thing is severely wounded.
The cyan ugly thing stings you! The cyan ugly thing shocks you!
You barely miss the cyan ugly thing. Your bite misses the cyan ugly thing.
The cyan ugly thing is severely wounded.
The cyan ugly thing stings you but does no damage.
You hit the cyan ugly thing. Your bite misses the cyan ugly thing.
The cyan ugly thing is severely wounded.
The cyan ugly thing closely misses you. The cyan ugly thing stings you!
The cyan ugly thing shocks you!
* * * LOW HITPOINT WARNING * * *
Unknown command.
You hit the cyan ugly thing but do no damage.
You bite the cyan ugly thing, but do no damage.
The cyan ugly thing is severely wounded.
The cyan ugly thing completely misses you.
Unknown command.
You hit the cyan ugly thing. Your bite misses the cyan ugly thing.
The cyan ugly thing is almost dead.
The cyan ugly thing stings you!
* * * LOW HITPOINT WARNING * * *
The cyan ugly thing shocks you!
You die...

# #.####.# #.#
#.......##..##
#####......## #.#
####..........
............# #.#
###...##### .####.#####.#
#.# #...
.####.#####.###.####
#)..# ...#......)........
#####.
.#.#.....##.#.#.#K#......
..
.........##.#.#.#uK...?..
. ##.#........#
#.@##.....K .
#.#.....#### ##.# #####
#.####### #.##.##.# ##.#
#.......# ...#
###########.#### #.##
#...........#
#.####.###########
..>....# ..######


You could see a cyan ugly thing, a kobold brigand and a kobold.

Vanquished Creatures
  2 two-headed ogres
  Jeremiah (D:8)
  A hornet (D:8)
  A wraith (Ossuary)
  2 vampire mosquitoes (D:8)
  An acid dragon (D:9)
  3 wargs (D:8)
  2 water moccasins
  2 ice beasts
  3 orc warriors
  6 ogres
  4 centaurs
  A phantom (D:5)
  2 kobold brigands
  4 scorpions
  8 wights
  3 hounds
  6 orc priests
  2 jellies
  10 orc wizards
  Natasha (twice) (D:4)
  3 iguanas
  3 mummies (Ossuary)
  7 adders
  A shadow imp (D:8)
  A white imp (D:7)
  2 dart slugs
  29 orcs
  6 endoplasms
  7 giant cockroaches
  7 goblins
  8 hobgoblins
  17 kobolds
  3 quokkas
  11 ball pythons
  2 bats (D:1)
  2 frilled lizards
  4 goblin zombies (Ossuary)
  3 kobold zombies (Ossuary)
  2 rats
184 creatures vanquished.

Notes
Turn   | Place    | Note
-------+----------+-------------------------------------------
     0 | D:1      | Gladio the Vine Stalker Gladiator began the quest for the
                  | Orb.
     0 | D:1      | Reached XP level 1. HP: 11/11 MP: 2/2
   144 | D:1      | Reached XP level 2. HP: 15/15 MP: 3/3
   205 | D:1      | Reached skill level 3 in Short Blades
   517 | D:1      | Reached XP level 3. HP: 18/18 MP: 4/4
  1170 | D:2      | Reached XP level 4. HP: 20/23 MP: 3/5
  1710 | D:3      | Found a faded altar of an unknown god.
  2194 | D:4      | Reached skill level 4 in Short Blades
  2334 | D:4      | Noticed Natasha
  2348 | D:4      | Killed Natasha
  2349 | D:4      | Reached XP level 5. HP: 23/27 MP: 4/6
  2367 | D:4      | Identified the +8 whip of the Vestibule of Hell {holy,
                  | rF++}
  2430 | D:4      | Noticed Natasha
  2436 | D:4      | Killed Natasha
  2509 | D:4      | Found Cucvoj's Antique Armour Emporium.
  2527 | D:4      | Bought a pair of boots for 72 gold pieces
  2532 | D:4      | Bought a faintly humming leather armour for 112 gold pieces
  2532 | D:4      | Identified the +0 leather armour of Fortification {rF+
                  | rCorr Int-2} (You bought it in a shop on level 4 of the
                  | Dungeon)
  2617 | D:5      | Entered Level 5 of the Dungeon
  2618 | D:5      | Noticed an ice beast
  2619 | D:5      | Noticed an ogre
  2707 | D:5      | Noticed a centaur
  2707 | D:5      | Noticed an ogre
  2729 | D:5      | Noticed a phantom
  2729 | D:5      | Noticed an ogre
  2734 | D:5      | Killed an ogre
  2735 | D:5      | Reached XP level 6. HP: 32/32 MP: 7/7
  2735 | D:5      | Noticed a water moccasin
  2740 | D:5      | Reached skill level 5 in Short Blades
  2743 | D:5      | Killed a water moccasin
  2744 | D:5      | Reached XP level 7. HP: 36/36 MP: 8/8
  2778 | D:5      | Reached skill level 6 in Short Blades
  2789 | D:5      | Gained mutation: You have razor-sharp teeth. [Vine Stalker
                  | growth]
  2789 | D:5      | Reached XP level 8. HP: 24/42 MP: 7/9
  2855 | D:5      | Found a sand-covered staircase.
  2879 | Ossuary  | Entered an ossuary
  2879 | Ossuary  | Noticed a wraith
  2879 | Ossuary  | Noticed a wraith
  2879 | Ossuary  | Noticed a wraith
  3111 | Ossuary  | Noticed a wraith
  3120 | Ossuary  | Killed a wraith
  3322 | D:5      | Reached skill level 7 in Short Blades
  3657 | D:6      | Reached skill level 5 in Fighting
  3738 | D:6      | Reached skill level 5 in Dodging
  4022 | D:6      | Found a staircase to the Ecumenical Temple.
  4055 | Temple   | Entered the Ecumenical Temple
  4083 | Temple   | Became a worshipper of Uskayaw the Reveller
  4180 | D:6      | Reached * piety under Uskayaw
  4182 | D:6      | Reached XP level 9. HP: 47/47 MP: 10/10
  4210 | D:6      | Reached ** piety under Uskayaw
  4229 | D:6      | Reached skill level 1 in Invocations
  4282 | D:6      | Reached *** piety under Uskayaw
  4284 | D:6      | Reached skill level 8 in Short Blades
  4627 | D:7      | Found Vuykuriv's Magic Scroll Shoppe.
  4652 | D:7      | Bought a scroll of identify for 24 gold pieces
  4652 | D:7      | Bought a scroll of identify for 24 gold pieces
  5041 | D:8      | Found a staircase to the Lair.
  5065 | D:8      | Reached **** piety under Uskayaw
  5072 | D:8      | Reached ***** piety under Uskayaw
  5204 | D:8      | Reached skill level 9 in Short Blades
  5225 | D:8      | Reached XP level 10. HP: 53/53 MP: 11/13
  5225 | D:8      | Identified the +0 dagger of the Depths {heavy, Fly rC++
                  | Str-4}
  5419 | D:8      | Noticed Jeremiah
  5450 | D:8      | Killed Jeremiah
  5520 | D:8      | Noticed a two-headed ogre
  5530 | D:8      | Killed a two-headed ogre
  6029 | D:9      | Found a bloodstained altar of Trog.
  6029 | D:9      | Found an iron altar of Okawaru.
  6030 | D:9      | Found a hazy altar of Hepliaklqana.
  6135 | D:9      | Found an opulent altar of Gozag.
  6135 | D:9      | Found Gozag's Platinum Reserve.
  6236 | D:9      | You fall into a shaft and drop 1 floor!
  6236 | D:10     | Entered Level 10 of the Dungeon
  6236 | D:10     | Found a shimmering altar of Xom.
  6393 | D:10     | Noticed a two-headed ogre
  6402 | D:10     | Killed a two-headed ogre
  6403 | D:10     | Reached skill level 10 in Short Blades
  6475 | D:10     | Noticed a cyan ugly thing
  6487 | D:10     | Mangled by a cyan ugly thing

Illustrated notes

Levels and vault maps discovered:
D:1:      denvon_arrival_planthouse, layout_loops_cross
D:2:      layout_loops_corners, st_stairs_8, nrook_mini_backslash
D:3:      layout_rooms, nicolae_ecumenical_snake_handling,
          hangedman_decor_growths
D:4:      layout_rooms, serial_shops, shop, uniq_natasha
D:5:      layout_rooms, enter_ossuary_2, chequers_serial_rivers_micro_a
D:6:      layout_gridville, temple_hall, corexii_hall_statues_x
D:7:      layout_rooms, serial_shops, nicolae_shop_stone
D:8:      layout_gridville, erik_lair_orcish_takeover, uniq_jeremiah
D:9:      layout_stronghold, gammafunk_temple_overflow_claw,
          nicolae_gozag_zags_fifth_avenue, uniq_psyche
D:10:     layout_loops_cross, xom_teletrap_fun, nicolae_qazlal_eye_of_the_storm,
          fedhas_altar_fruit_tree, grunt_ogre_cave, moated_statue,
          kennysheep_generic_room_14
Temple:   regret_index_temple_waves

Skill      XL: |  1  2  3  4  5  6  7  8  9 10 |
---------------+-------------------------------+-----
Fighting       | 2 3 4 5 6 7 |  7.0
Short Blades   | 3 4 5 6 7 9 10 | 10.1
Dodging        | 3 4 5 6 |  6.8
Invocations    | 3 4 |  4.9
Throwing       | |  1.7

Action                     |  1- 3 |  4- 6 |  7- 9 | 10-12 || total
---------------------------+-------+-------+-------+-------++-------
  Melee: Rapier            |   120 |    74 |       |       ||   194
         Bite              |    30 |    28 |    96 |    37 ||   191
         Whip              |       |    28 |   246 |    85 ||   359
         Punch             |       |       |     7 |       ||     7
  Throw: Dart              |       |       |       |     1 ||     1
 Invoke: Stomp             |       |       |     3 |     2 ||     5
  Evoke: Wand              |       |       |       |     2 ||     2
    Use: Scroll            |       |     6 |     9 |     1 ||    16
         Potion            |       |     2 |     1 |     2 ||     5
   Stab: Paralysed         |       |       |     6 |     4 ||    10
         Sleeping          |       |       |     1 |       ||     1
         Invisible         |       |       |       |     2 ||     2
 Armour: Leather armour    |    15 |       |   134 |    68 ||   217
         Ring mail         |    60 |    56 |    48 |       ||   164
  Dodge: Dodged            |    67 |    63 |   191 |    92 ||   413

Table legend: (Time is in decaauts)
 A = Elapsed time spent in this place.
 B = Non-inter-level travel time spent in this place.
 C = Inter-level travel time spent in this place.
 D = Time resting spent in this place.
 E = Time spent auto-exploring this place.
 F = Levels seen in this place.
 G = Mean time per level.
                   A        B        C        D        E       F      G
               +--------+--------+--------+--------+--------+-----+--------+
         Total |   6552 |   6134 |    418 |      3 |   4825 |  12 |  546.0 |
       Dungeon |   6062 |   5714 |    348 |      3 |   4514 |  10 |  606.2 |
        Temple |     74 |      4 |     70 |      0 |      0 |   1 |   74.0 |
       Ossuary |    416 |    416 |      0 |      0 |    311 |   1 |  416.0 |
               +--------+--------+--------+--------+--------+-----+--------+

Top non-repeatable levels by time:
     D:8: 929 daAuts
     D:6: 842 daAuts
     D:2: 837 daAuts
     D:1: 831 daAuts
     D:4: 616 daAuts
     D:5: 517 daAuts
     D:7: 503 daAuts
     D:3: 457 daAuts
 Ossuary: 416 daAuts
     D:9: 274 daAuts
    D:10: 252 daAuts
  Temple: 74 daAuts
